 Dungeon Crawl Stone Soup version 0.13-a0-1553-g7307ddf (webtiles) character file.

253 Kae the Insei (level 5, -3/41 HPs)
             Began as a Draconian Transmuter on June 10, 2013.
             Slain by an ogre
             ... wielding a +0,+0 giant spiked club
              (18 damage)
             ... on Level 4 of the Dungeon.
             The game lasted 00:04:48 (3599 turns).

Kae the Insei (Draconian Transmuter)                Turns: 3599, Time: 00:04:48

HP  -3/41        AC  7     Str 12      XL: 5   Next: 10%
MP   7/8         EV 12     Int 13      God:
Gold 103         SH  0     Dex 13      Spells:  3 memorised,  3 levels left

Res.Fire  : . . .   See Invis. : .     - Unarmed
Res.Cold  : . . .   Warding    : .   (armour unavailable)
Life Prot.: . . .   Conserve   : .   (no shield)
Res.Poison: .       Res.Corr.  : .   (helmet restricted)
Res.Elec. : .       Clarity    : .   (no cloak)
Sust.Abil.: . .     Spirit.Shd : .   i - +0 pair of gloves
Res.Mut.  : .       Stasis     : .   p - +0 pair of elf boots
Res.Rott. : .       Flight     : .   (no amulet)
Saprovore : . . .                    (no ring)
                                     (no ring)

@: slightly resistant to hostile enchantments, unstealthy
A: unfitting armour, AC +5
a: no special abilities


You were on level 4 of the Dungeon.
You were very hungry.

You visited 1 branch of the dungeon, and saw 4 of its levels.

You collected 83 gold pieces.

Inventory:

Missiles
 b - 29 arrows
Armour
 i - a +0 pair of gloves (worn)
 p - a +0 pair of elven boots (worn)
Magical devices
 r - a wand of enslavement (8)
Comestibles
 a - 4 bread rations
 h - a meat ration
 s - a chunk of hobgoblin flesh
Scrolls
 j - a scroll of remove curse {unknown}
Potions
 c - a potion of restore abilities {unknown}
 e - 4 potions of curing {unknown}
 g - 3 potions of speed {unknown}
 k - a potion of heal wounds {unknown}
 l - a potion of poison {unknown}
 q - a potion of resistance {unknown}
Books
 d - a book of Changes

   Spells                             Type                      Level
   *Beastly Appendage                 Transmutation                1
   *Sticks to Snakes                  Transmutation                2
   *Spider Form                       Transmutation/Poison         3
   Ice Form                           Ice/Transmutation            4
   Blade Hands                        Transmutation                5


   Skills:
 + Level 2.1 Fighting
 + Level 2.5 Dodging
 + Level 3.7 Unarmed Combat
 + Level 2.7 Spellcasting
 * Level 3.2 Transmutations
 + Level 0.4 Poison Magic


You had 3 spell levels left.
You knew the following spells:

 Your Spells              Type           Power        Failure   Level  Hunger
a - Beastly Appendage     Trmt           ##....       10%         1    #......
b - Sticks to Snakes      Trmt           ##........   12%         2    ##.....
c - Spider Form           Trmt/Pois      #.........   38%         3    ####...


Dungeon Overview and Level Annotations

Branches:
Dungeon (4/27)
 Temple: D:4-7

Altars:
Fedhas
Makhleb
Okawaru
Trog


Message History

You are now empty-handed.
Your ball python bites the ogre.
You barely miss the ogre.
You tail-slap the ogre, but do no damage.
The ogre is lightly wounded.
The ogre closely misses you.
Your ball python bites the ogre.
You hit the ogre but do no damage.
The ogre is lightly wounded.
Your ball python bites the ogre.
The ogre barely misses you.
You hit the ogre.
The ogre is lightly wounded.
Your ball python bites the ogre but does no damage.
You hit the ogre but do no damage.
The ogre is lightly wounded.
Your ball python barely misses the ogre.
The ogre hits you with a giant spiked club!
You hit the ogre. You tail-slap the ogre.
The ogre is heavily wounded.
Your ball python bites the ogre.
The ogre hits you with a giant spiked club!
You die...

#############
#...........#
###...........#
+.#...........###
#.................
###@OS........###
#...........#
#.....(.....#
#........[.<#
#...........#
##########.## ..
###


You could see an ogre and a friendly ball python.

Vanquished Creatures
  A crimson imp (D:3)
  2 adders (D:3)
  3 worms
  A giant mite (D:1)
  A giant gecko (D:2)
  7 orcs (D:3)
  A ball python (D:2)
  12 bats
  7 giant cockroaches
  12 goblins
  6 hobgoblins
  A quokka (D:2)
  A giant newt (D:1)
  11 kobolds
  4 rats
70 creatures vanquished.

Vanquished Creatures (others)
  A goblin (D:3)
1 creature vanquished.

Grand Total: 71 creatures vanquished

Notes
Turn   | Place    | Note
--------------------------------------------------------------
     0 | D:1      | Kae, the Draconian Transmuter, began the quest for the Orb.
     0 | D:1      | Reached XP level 1. HP: 16/16 MP: 1/1
   224 | D:1      | Reached XP level 2. HP: 18/23 MP: 3/3
   831 | D:2      | Learned a level 2 spell: Sticks to Snakes
  1030 | D:2      | Reached XP level 3. HP: 15/28 MP: 4/4
  1255 | D:2      | Found an iron altar of Okawaru.
  2005 | D:3      | Learned a level 3 spell: Spider Form
  2278 | D:3      | Found a blossoming altar of Fedhas.
  2331 | D:3      | Reached XP level 4. HP: 18/35 MP: 6/6
  2511 | D:3      | Found a bloodstained altar of Trog.
  2762 | D:3      | Found a burning altar of Makhleb.
  3004 | D:3      | Reached XP level 5. HP: 25/41 MP: 8/8
  3583 | D:4      | Noticed an ogre
  3599 | D:4      | Slain by an ogre

Action                   |  1- 3 |  4- 6 || total
-------------------------+-------+-------++-------
Melee: Unarmed           |   225 |   196 ||   421
 Cast: Sticks to Snakes  |       |     4 ||     4
Evoke: Wand              |       |     2 ||     2
  Use: Scroll            |       |     5 ||     5
 Stab: Sleeping          |     1 |     1 ||     2
       Distracted        |       |     2 ||     2
